 Dungeon Crawl Stone Soup version 0.30.1-9-gdf580d7c3d (webtiles) character file.

Game seed: 13509070152488699852

189 KittyFluff the Cudgeller (level 5, -1/49 HPs)
             Began as a Gargoyle Berserker on Oct 20, 2023.
             Was a Believer of Trog.
             Slain by a gnoll
             ... wielding a +0 spear
              (2 damage)
             ... on level 3 of the Dungeon.
             The game lasted 00:05:37 (1634 turns).

KittyFluff the Cudgeller (Gargoyle Berserker)       Turns: 1634, Time: 00:05:37

Health: -1/49      AC:  7    Str: 22    XL:     5   Next: 68%
Magic:  5/5        EV: 12    Int:  8    God:    Trog [**....]
Gold:   145        SH:  0    Dex:  9    Spells: 4/4 levels left

rFire   . . .        a - +0 mace
rCold   . . .        (no shield)
rNeg    + . .        b - +0 animal skin
rPois   ∞            k - +0 helmet
rElec   +            (no cloak)
rCorr   .            (no gloves)
SInv    .            (no boots)
Will    .....        (no amulet) Stlth
                     (no ring)
HPRegen 0.28/turn    (no ring)
MPRegen 0.09/turn

%: no passive effects
@: berserking, very quick
A: sickness immunity, AC +4, negative energy resistance 1, electricity
resistance, torment resistance 1, petrification resistance
a: Renounce Religion, Berserk, Trog's Hand


You were on level 3 of the Dungeon.
You worshipped Trog.
Trog was pleased with you.
You visited 1 branch of the dungeon, and saw 3 of its levels.

You collected 145 gold pieces.

Inventory:

Hand Weapons
 a - a +0 mace (weapon)
Armour
 b - a +0 animal skin (worn)
 k - a +0 helmet (worn)
Scrolls
 c - 2 scrolls of magic mapping {unknown}
 d - a scroll of vulnerability {unknown}
 f - 2 scrolls of identify {unknown}
 h - a scroll of poison {unknown}
 i - a scroll of immolation {unknown}
 l - a scroll of teleportation {unknown}
 n - a scroll of amnesia {unknown}
Potions
 e - 2 potions of attraction {unknown}
 g - 3 potions of mutation {unknown}
 j - a potion of curing {unknown}
 m - a potion of ambrosia {unknown}


   Skills:
 + Level 4.0 Fighting
 * Level 4.2 Maces & Flails
 * Level 4.0 Armour
 + Level 2.4 Dodging


You had 4 spell levels left.
You didn't know any spells.
Your spell library was empty.

Dungeon Overview and Level Annotations

Branches:
Dungeon (3/15)

Altars:


Innate Abilities, Weirdness & Mutations

You are immune to sickness and miasma.
Your stone body is resilient. (AC +4)
You are immune to poison.
You resist negative energy. (rN+)
You are resistant to electric shocks. (rElec)
You are resistant to unholy torment.
You are immune to petrification.


Message History

The gnoll hits you with a +0 whip. The gnoll misses you.
The gnoll hits you but does no damage. x2; The gnoll barely misses you.
The gnoll misses you.
You sock the gnoll!
You kill the gnoll!
Trog accepts your kill. The gnoll barely misses you.
The gnoll hits you from afar with a +0 spear.
Your Armour skill increases to level 4!
The gnoll misses you. The gnoll barely misses you.
There is an open door, spattered with blood here.
Things that are here:
a +0 whip; a +0 club; a goblin corpse You hit the gnoll.
The gnoll is heavily wounded.
The gnoll hits you with a +0 spear. The gnoll misses you.
You barely miss the gnoll.
The gnoll is heavily wounded.
The gnoll hits you with a +0 spear. x2
You closely miss the gnoll.
The gnoll is heavily wounded.
The gnoll barely misses you. x2
You hit the gnoll.
The gnoll is heavily wounded.
The gnoll hits you with a +0 spear.
* * * LOW HITPOINT WARNING * * *
The gnoll closely misses you. The gnoll hits you with a +0 spear.
* * * LOW HITPOINT WARNING * * *
The gnoll barely misses you.
A red film seems to cover your vision as you go berserk!
You feel yourself moving faster!
You feel mighty! The gnoll hits you with a +0 spear.
* * * LOW HITPOINT WARNING * * *
The gnoll closely misses you.
You barely miss the gnoll.
The gnoll is heavily wounded.
You barely miss the gnoll.
The gnoll is heavily wounded.
The gnoll hits you with a +0 spear.
You die...

...
.#########..
######.....
#.....# ###
#.......#
#.#.###.# ###
#.......#
#.....#.###..
#.......#
######.......
#.......#
#..###..
#.......# #..#
### #....gg.#
#).# #@# #..#
#.#########..#
#............#
##########...#
#..)#
#...#####
#........
#..#####.
#..#####.


You could see 2 gnolls.

Vanquished Creatures
  Pargi (D:3)
  3 adders
  A gnoll (D:3)
  A worm (D:2)
  2 dart slugs
  4 ball pythons
  8 bats
  3 endoplasms
  3 giant cockroaches
  2 hobgoblins
  2 jackals (D:1)
  A quokka (D:2)
  3 frilled lizards (D:1)
  6 goblins
  5 kobolds
  5 rats
50 creatures vanquished.

Notes
Turn   | Place    | Note
-------+----------+-------------------------------------------
     0 | D:1      | KittyFluff the Gargoyle Berserker began the quest for the
                  | Orb.
     0 | D:1      | Reached XP level 1. HP: 14/14 MP: 1/1
   159 | D:1      | Reached XP level 2. HP: 12/19 MP: 2/2
   358 | D:1      | Reached XP level 3. HP: 19/23 MP: 3/3
   702 | D:2      | Reached ** piety under Trog
   779 | D:2      | Identified the +4 hand axe of Destiny {flame, rC+}
  1208 | D:2      | Reached XP level 4. HP: 24/28 MP: 4/4
  1301 | D:3      | Noticed Pargi
  1313 | D:3      | Killed Pargi
  1314 | D:3      | Reached XP level 5. HP: 33/33 MP: 5/5
  1632 | D:3      | HP: 1/49 [gnoll/+0 spear (2)]
  1634 | D:3      | Slain by a gnoll

Illustrated notes

Levels and vault maps discovered:
D:1:      psy_arrival_basics, layout_rooms, chequers_serial_rivers_small_a
D:2:      layout_basic
D:3:      layout_basic, nrook_uturn, uniq_pargi

Skill      XL: |  1  2  3  4  5 |
---------------+----------------+-----
Dodging        | 2 |  2.4
Armour         | 3 4 |  4.0
Fighting       | 4 |  4.0
Maces & Flails | 4 |  4.2

Action                     |  1- 3 |  4- 6 || total
---------------------------+-------+-------++-------
  Melee: Mace              |   147 |    64 ||   211
 Invoke: Berserk           |       |     2 ||     2
 Armour: Animal skin       |    70 |    35 ||   105
  Dodge: Dodged            |   104 |    57 ||   161
